 Dungeon Crawl Stone Soup version 0.29-a0-384-g6960b1960d (webtiles) character file.

Game seed: 13820007365287707501

43 jlumianski the Skirmisher (level 3, -2/29 HPs)
             Began as a Demonspawn Fighter on May 6, 2022.
             Slain by a gnoll
             ... wielding a +0 halberd
              (13 damage)
             ... on level 2 of the Dungeon.
             The game lasted 00:04:08 (1326 turns).

jlumianski the Skirmisher (Demonspawn Fighter)      Turns: 1326, Time: 00:04:09

Health: -2/29      AC:  9    Str: 18    XL:     3   Next: 37%
Magic:  3/3        EV:  6    Int:  9    God:
Gold:   65         SH:  4    Dex: 12    Spells: 2/2 levels left

rFire   . . .      SeeInvis .   a - +0 war axe
rCold   . . .      Faith    .   c - +0 buckler
rNeg    . . .      Spirit   .   h - +0 chain mail
rPois   .          Reflect  .   (no helmet)
rElec   .          Harm     .   (no cloak)
rCorr   .          Rampage  .   (no gloves)
Will    .....                   (no boots)
Stlth   ..........              (no amulet)
HPRegen 0.09/turn               (no ring)
MPRegen 0.08/turn               (no ring)

@: no status effects
A: demonic magic 1
a: no special abilities


You were on level 2 of the Dungeon.
You visited 1 branch of the dungeon, and saw 3 of its levels.

You collected 65 gold pieces.

Inventory:

Hand Weapons
 a - a +0 war axe (weapon)
Missiles
 j - 47 stones (quivered)
Armour
 b - a +0 scale mail
 c - a +0 buckler (worn)
 h - a +0 chain mail (worn)
Scrolls
 f - a scroll of amnesia {unknown}
 i - a scroll of torment {unknown}
 k - a scroll of vulnerability {unknown}
Potions
 d - a potion of might
 e - 2 potions of curing {unknown}
 g - a potion of heal wounds
 l - a potion of lignification


   Skills:
 + Level 3.2 Fighting
 + Level 2.7 Axes
 + Level 2.9 Armour
 + Level 0.4 Dodging
 + Level 2.9 Shields


You had 2 spell levels left.
You didn't know any spells.
Your spell library was empty.

Dungeon Overview and Level Annotations

Branches:
Dungeon (3/15)

Altars:


Innate Abilities, Weirdness & Mutations

Spells you cast may paralyse adjacent enemies.


Message History

There is a stone staircase leading up here.
i - a scroll labelled IROEPL MEECS
There is a stone staircase leading up here.
You climb upwards.
There is a stone staircase leading down here.
A gnoll comes into view. It is wielding a +0 flail.
The gnoll shouts!
There is a stone staircase leading down here.
There is a stone staircase leading down here.
You hit the gnoll.
The gnoll is heavily wounded.
The gnoll hits you but does no damage. The gnoll completely misses you.
You hit the gnoll but do no damage.
The gnoll is heavily wounded.
The gnoll barely misses you.
You closely miss the gnoll.
The gnoll is heavily wounded.
The gnoll closely misses you.
You completely miss the gnoll.
The gnoll is heavily wounded.
The gnoll hits you with a +0 flail. You block the gnoll's attack.
You slash the gnoll!
You kill the gnoll!
k - a scroll labelled RUHAGG BITOYPT
Things that are here:
a +0 flail; a gnoll corpse
Things that are here:
a +0 flail; a gnoll corpse HP restored.
A gnoll is nearby!
The gnoll shouts!
The gnoll shouts!
Things that are here:
a +0 flail; a gnoll corpse
There is a stone staircase leading down, spattered with blood here.
The gnoll hits you from afar with a +0 halberd!
There is a stone staircase leading down, spattered with blood here.
The gnoll hits you from afar with a +0 halberd!
The gnoll hits you with a +0 halberd!
You die...

#.###..#......
##.#.#..g..####..
#..†.g.g#.#......
#.##.........#
#.####.##<##.#
#......##.#
####g####.. #g#
#### #@# #># #.#
#.# #.# #.# #.#
#.# #.#


You could see 2 gnolls.

Vanquished Creatures
  2 gnolls (D:2)
  A dart slug (D:1)
  2 bats (D:1)
  A giant cockroach (D:1)
  3 hobgoblins (D:2)
  4 ball pythons (D:1)
  3 frilled lizards (D:1)
  3 kobolds (D:1)
  3 rats (D:1)
22 creatures vanquished.

Notes
Turn   | Place    | Note
-------+----------+-------------------------------------------
     0 | D:1      | jlumianski the Demonspawn Fighter began the quest for the
                  | Orb.
     0 | D:1      | Reached XP level 1. HP: 18/18 MP: 1/1
   245 | D:1      | Gained mutation: Spells you cast may paralyse adjacent
                  | enemies. [demonic ancestry]
   245 | D:1      | Reached XP level 2. HP: 24/24 MP: 2/2
   999 | D:2      | Reached XP level 3. HP: 12/29 MP: 3/3
  1326 | D:2      | Slain by a gnoll

Illustrated notes

Levels and vault maps discovered:
D:1:      dpeg_arrival_rooms_b, layout_loops_ring, minmay_misc_feat_columns,
          corexii_item_surrounded_by_moat
D:2:      minmay_skewed_foursquare, layout_loops_cross,
          hellmonk_ecumenical_altar_lost_god, chequers_serial_rivers_large_a
D:3:      layout_loops_corners

Skill      XL: |  1 |
---------------+----+-----
Axes           | 2 |  2.7
Fighting       | |  3.2
Armour         | |  2.9
Dodging        | |  0.4
Shields        | |  2.9

Action                   || total
-------------------------++-------
Melee: War axe           ||    72
  Use: Scroll            ||     4
Armor: Scale mail        ||    12
       Chain mail        ||    23
Dodge: Dodged            ||    31
Block: Buckler           ||    15

Table legend: (Time is in decaauts)
 A = Elapsed time spent in this place.
 B = Non-inter-level travel time spent in this place.
 C = Inter-level travel time spent in this place.
 D = Time resting spent in this place.
 E = Time spent auto-exploring this place.
 F = Levels seen in this place.
 G = Mean time per level.
                   A        B        C        D        E       F      G
               +--------+--------+--------+--------+--------+-----+--------+
         Total |   1358 |   1309 |     49 |    131 |    828 |   3 |  452.7 |
       Dungeon |   1358 |   1309 |     49 |    131 |    828 |   3 |  452.7 |
               +--------+--------+--------+--------+--------+-----+--------+

Top non-repeatable levels by time:
     D:1: 1087 daAuts
     D:2: 259 daAuts
     D:3: 11 daAuts
